 Dungeon Crawl Stone Soup version 0.29.0-10-g45618ea6d2 (webtiles) character file.

Game seed: 313421358144380656

7284 Monkooky the Geomancer (level 11, -3/76 HPs)
             Began as a Formicid Cinder Acolyte on Aug 31, 2022.
             Was a Believer of Ignis.
             Slain by a water elemental (12 damage)
             ... on level 10 of the Dungeon on Sept 1, 2022.
             The game lasted 00:22:24 (9807 turns).

Monkooky the Geomancer (Formicid Cinder Acolyte)    Turns: 9807, Time: 00:22:25

Health: -3/76      AC: 10    Str: 20    XL:     11   Next: 34%
Magic:  3/16       EV: 10    Int: 17    God:    Ignis [**....]
Gold:   512        SH:  0    Dex: 15    Spells: 8/17 levels left

rFire   + + .      SeeInvis +   A - staff of conjuration
rCold   . . .      Faith    .   (no shield)
rNeg    . . .      Spirit   .   H - +3 ring mail {Will+}
rPois   .          Reflect  .   (helmet unavailable)
rElec   .          Harm     .   J - +0 cloak
rCorr   .          Rampage  .   (no gloves)
Will    ++...                   j - +0 pair of boots
Stlth   ++........              l - amulet of magic regeneration
HPRegen 0.22/turn               y - +6 ring of dexterity
MPRegen 0.55/turn               z - ring of protection from fire

@: no status effects
A: permanent stasis, dig shafts and tunnels, antennae 3, four strong arms
a: Dig, Shaft Self, Renounce Religion, Fiery Armour, Foxfire Swarm, Rising Flame


You were on level 10 of the Dungeon.
You worshipped Ignis.
Ignis was pleased with you.
You visited 1 branch of the dungeon, and saw 10 of its levels.

You collected 512 gold pieces.

Inventory:

Hand Weapons
 a - a -1 hand axe of flaming
 p - a +2 whip of venom
 K - the +7 trident "Gram" {holy, +Blink rPois Int-3}
   (You found it on level 7 of the Dungeon)

   It has been blessed by the Shining One to cause great damage to the undead
   and demons.
   Int:       It affects your intelligence (-3).
   rPois:     It protects you from poison.
   +Blink:    It lets you blink.
Missiles
 G - 21 poisoned darts
 O - 2 throwing nets
 R - 6 javelins
Armour
 b - a +0 robe
 d - a +0 ring mail
 j - a +0 pair of boots (worn)
 H - a +3 ring mail of willpower (worn)
 J - a +0 cloak (worn)
 M - a +0 kite shield
Magical Staves
 A - a staff of conjuration (weapon)
Jewellery
 l - an amulet of magic regeneration (around neck)
 y - a +6 ring of dexterity (left hand)
 z - a ring of protection from fire (right hand)
Wands
 E - a wand of polymorph (12)
 I - a wand of quicksilver (8)
 P - a wand of mindburst (11)
Scrolls
 c - 15 scrolls of identify {unknown}
 e - 5 scrolls of teleportation {unknown}
 f - a scroll of amnesia {unknown}
 h - 3 scrolls of immolation {unknown}
 k - 3 scrolls of magic mapping {unknown}
 m - 2 scrolls of poison {unknown}
 n - 2 scrolls of summoning {unknown}
 o - 2 scrolls of enchant armour {unknown}
 s - a scroll of fear {unknown}
 u - a scroll of vulnerability {unknown}
 v - 2 scrolls of noise {unknown}
 C - 2 scrolls of torment {unknown}
 D - 3 scrolls of brand weapon {unknown}
 N - a scroll of silence {unknown}
 Q - 4 scrolls of fog {unknown}
 S - a scroll of acquirement {unknown}
Potions
 g - a potion of attraction {unknown}
 i - a potion of flight {unknown}
 q - 4 potions of haste {unknown}
 r - a potion of might {unknown}
 t - a potion of degeneration {unknown}
 w - 3 potions of lignification {unknown}
 x - 2 potions of heal wounds {unknown}
 B - a potion of mutation {unknown}
 F - a potion of magic {unknown}
 L - 2 potions of curing {unknown}


   Skills:
 + Level 3.7 Fighting
 - Level 3.5 Axes
 - Level 2.3 Armour
 - Level 2.8 Stealth
 - Level 3.5 Spellcasting
 - Level 6.3 Conjurations
 - Level 7.2 Summonings
 - Level 6.0 Fire Magic
 + Level 10.5 Earth Magic
 - Level 7.1 Evocations


You had 8 spell levels left.
You knew the following spells:

 Your Spells              Type           Power      Damage    Failure   Level
a - Scorch                Fire           46%        2d7       3%          2
b - Stone Arrow           Conj/Erth      94%        3d12      2%          3
c - Animate Armour        Summ/Erth      66%        N/A       7%          4

Your spell library contained the following spells:

 Spells                   Type           Power      Damage    Failure   Level
 Shock                    Conj/Air       80%        1d8       8%          1
 Airstrike                Air            1%         2d(1-17)  95%         4
 Manifold Assault         Tloc           3%         N/A       100%        5
 Storm Form               Tmut/Air       1%         N/A       100%        7
 Lehudib's Crystal Spear  Conj/Erth      23%        10d7      100%        8
 Blink                    Tloc           Unusable   N/A       N/A         2
 Swiftness                Air            Unusable   N/A       N/A         3

Dungeon Overview and Level Annotations

Branches:
Dungeon (10/15)            Temple (0/1) D:6            Lair (0/5) D:9
    Orc (0/2) D:9

Altars:
Ashenzari

Shops:
D:3 *(   D:6 [   D:7 *

Annotations:
D:10 2 transporters, bchevrier's ghost, journeyman GnWn


Innate Abilities, Weirdness & Mutations

You cannot be hasted, slowed, berserked, paralysed or teleported.
You can dig through walls and to a lower floor.
You have a pair of large antennae on your head. (SInv)
Your four strong arms can wield two-handed weapons with a shield.


Message History

The water elemental's fire resistance burns away.
A water elemental comes into view.
The water elemental hits you!
* * * LOW HITPOINT WARNING * * *
Your animated ring mail hits the water elemental!
Your animated ring mail hits the water elemental.
The water elemental attacks as you move away!
The water elemental hits you.
Casting: Scorch (safe; 3% risk of failure)
Confirm with . or Enter, or press ? or * to list all spells.
Flames lash the water elemental but do no damage.
The water elemental is no longer more vulnerable to fire.
The water elemental barely misses you.
Okay, then.
Activating: Foxfire Swarm
Press: ? - help, Dir - look around, f - activate Flames leap up around you!
The water elemental barely misses you.
Your foxfire dissipates!
The foxfire hits the water elemental but does no damage.
The water elemental is heavily damaged.
The foxfire hits the water elemental but does no damage.
The water elemental is heavily damaged.
The foxfire hits the water elemental.
The water elemental is heavily damaged.
The foxfire hits the water elemental.
The water elemental is burned terribly!
The water elemental is severely damaged.
The foxfire hits the water elemental.
The water elemental is burned terribly!
The water elemental is severely damaged.
The foxfire hits the water elemental.
The water elemental is burned terribly!
The water elemental is almost destroyed.
The foxfire hits the water elemental but does no damage.
The water elemental is almost destroyed.
The water elemental hits your animated ring mail!
Your animated ring mail is destroyed!
Your animated ring mail disappears in a puff of smoke!
Your foxfire dissipates!
Activating: Foxfire Swarm
Press: ? - help, Dir - look around, f - activate Flames leap up around you!
The water elemental hits you!
You die...

########## ##########
###########........# #.........
#........#.........# #.........
#........#.........### #.........
#.............vvvvv..###.........
#.........#...vvvvv#...#>........
..........######@#####.'.........
#.........#


#vEv# ###......... #......รท.## ###v#v## ####.##### #######[## #..#...#
###....## #.....# #.##...# #...#.... #.##### ##.##.E.# +.#.#.#.#
###.########..##...## #.#...#.. ........##...##.....# #.#######
...........#.#.......# #.#...#.. You could see 2 water elementals.

Vanquished Creatures
  A kobold demonologist (D:10)
  A komodo dragon (D:10)
  A troll (D:9)
  Grinder (D:3)
  A water elemental (D:10)
  4 wyverns
  A yak (D:10)
  3 steam dragons
  A water moccasin (D:6)
  3 orc warriors
  3 ice beasts
  A centaur (D:5)
  An ogre (D:5)
  2 phantoms
  3 kobold brigands (D:10)
  4 gnoll sergeants
  6 scorpions
  3 bullfrogs
  7 wights (D:8)
  21 killer bees
  3 howler monkeys
  4 hounds
  A jelly (D:5)
  4 orc priests
  Crazy Yiuf (D:7)
  2 iguanas
  6 orc wizards
  4 adders
  15 gnolls
  2 shadow imps
  A white imp (D:3)
  An ufetubus (D:5)
  A dart slug (D:4)
  23 orcs
  6 bats
  7 endoplasms
  4 giant cockroaches
  8 goblins
  3 hobgoblins
  2 quokkas
  3 ball pythons
  5 frilled lizards
  4 kobolds
  4 rats
182 creatures vanquished.

Vanquished Creatures (collateral kills)
  A gargoyle (D:10)
  2 yaks (D:10)
  A water elemental (D:10)
  2 killer bees (D:9)
  An orc wizard (D:10)
  An orc (D:10)
  A kobold (D:10)
9 creatures vanquished.

Vanquished Creatures (others)
  An orc (D:9)
  21 foxfires
  2 fungi (D:9)
  15 plants
39 creatures vanquished.

Grand Total: 230 creatures vanquished

Notes
Turn   | Place    | Note
-------+----------+-------------------------------------------
     0 | D:1      | Monkooky the Formicid Cinder Acolyte began the quest for
                  | the Orb.
     0 | D:1      | Reached XP level 1. HP: 18/18 MP: 2/2
   339 | D:1      | Reached XP level 2. HP: 24/24 MP: 3/3
   349 | D:1      | Learned a level 2 spell: Scorch
   633 | D:1      | Upgraded the game from 0.29.0-7-g18a832c13a to
                  | 0.29.0-10-g45618ea6d2
   709 | D:1      | Reached XP level 3. HP: 29/29 MP: 2/5
   883 | D:1      | Found a faded altar of an unknown god.
  1631 | D:3      | Reached XP level 4. HP: 35/35 MP: 2/7
  1661 | D:3      | Noticed a phantom
  1679 | D:3      | Killed a phantom
  1680 | D:3      | Reached XP level 5. HP: 39/41 MP: 1/10
  1930 | D:3      | Found Qohickue's Antique Weapon Shop.
  1999 | D:3      | Found Nuawy's Assorted Antiques.
  2034 | D:3      | Noticed Grinder
  2059 | D:3      | Killed Grinder
  2060 | D:3      | Reached XP level 6. HP: 5/47 MP: 8/11
  2510 | D:4      | Reached XP level 7. HP: 52/52 MP: 8/12
  2614 | D:4      | Reached skill level 1 in Armour
  2614 | D:4      | Reached skill level 1 in Stealth
  3073 | D:5      | Entered Level 5 of the Dungeon
  3238 | D:5      | Reached skill level 1 in Earth Magic
  3242 | D:5      | Reached skill level 1 in Conjurations
  3242 | D:5      | Reached skill level 2 in Earth Magic
  3245 | D:5      | Reached XP level 8. HP: 45/58 MP: 0/13
  3368 | D:5      | Learned a level 3 spell: Stone Arrow
  3456 | D:5      | Reached skill level 3 in Earth Magic
  3582 | D:5      | Reached skill level 4 in Earth Magic
  3904 | D:5      | Reached skill level 5 in Earth Magic
  4099 | D:6      | Found a staircase to the Ecumenical Temple.
  4215 | D:6      | Reached XP level 9. HP: 64/64 MP: 10/14
  4273 | D:6      | Found Haelid's Antique Armour Shop.
  4350 | D:6      | Reached skill level 6 in Earth Magic
  5040 | D:7      | Reached skill level 5 in Conjurations
  5045 | D:7      | Reached skill level 7 in Earth Magic
  5049 | D:7      | Found Tairo's Neck Hole.
  5110 | D:7      | Found a runed translucent door.
  5111 | D:7      | Noticed Crazy Yiuf
  5117 | D:7      | Killed Crazy Yiuf
  5328 | D:7      | Learned a level 4 spell: Animate Armour
  5339 | D:7      | Identified the +7 trident "Gram" {holy, +Blink rPois Int-3}
  5375 | D:7      | Found a broken altar of Ashenzari.
  5590 | D:8      | Reached skill level 1 in Summonings
  5601 | D:8      | HP: 2/64 [killer bee (7)]
  5964 | D:8      | Reached skill level 8 in Earth Magic
  6220 | D:8      | Reached skill level 1 in Evocations
  6220 | D:8      | Reached XP level 10. HP: 70/70 MP: 9/15
  6689 | D:8      | Reached skill level 5 in Evocations
  7683 | D:9      | Reached skill level 9 in Earth Magic
  7967 | D:9      | Found a staircase to the Orcish Mines.
  8118 | D:9      | Found a staircase to the Lair.
  8130 | D:9      | Reached skill level 10 in Earth Magic
  8820 | D:10     | Entered Level 10 of the Dungeon
  8910 | D:10     | Reached XP level 11. HP: 75/75 MP: 10/16
  8928 | D:10     | Reached skill level 5 in Summonings
  9114 | D:10     | Found a transporter.
  9123 | D:10     | Found a transporter.
  9151 | D:10     | Noticed bchevrier's ghost (journeyman GnWn)
  9167 | D:10     | Noticed an ice dragon
  9807 | D:10     | Slain by a water elemental

Illustrated notes

Levels and vault maps discovered:
D:1:      grunt_arrival_crossed_arrows, layout_basic,
          shapermc_ecumenical_altar_hornbeckon
D:2:      layout_rooms
D:3:      layout_rooms, serial_shops, nicolae_shop_overgrown_old_shop,
          nicolae_shop_statue_plus, grunt_ministairs_15, uniq_grinder
D:4:      layout_gridville
D:5:      layout_rooms, grunt_decor_arrowhead, kennysheep_dice
D:6:      layout_cave_pools, minmay_temple_entry_stoned_glass, serial_shops,
          shop_fountains
D:7:      layout_cave_pools, mainiacjoe_overflow_concentric_impassable,
          nicolae_shop_sticking_my_neck_out, uniq_crazy_yiuf_cottage
D:8:      layout_loops_cross, grunt_decor_clamped, nicolae_grassy_gnolls
D:9:      layout_basic, dpeg_oklobed_lair, orc_0_dummy, serial_curves,
          eino_curves_04, eino_curves_03
D:10:     layout_roguey, gammafunk_ghost_berserking_beasts,
          nicolae_underground_beach

Skill      XL: |  1  2  3  4  5  6  7  8  9 10 11 |
---------------+----------------------------------+-----
Spellcasting   | 2 3 |  3.5
Fire Magic     | 4 6 |  6.0
Armour         | 2 |  2.3
Stealth        | 2 |  2.8
Earth Magic    | 2 5 8 10 | 10.5
Conjurations   | 1 4 6 |  6.3
Summonings     | 2 4 7 |  7.2
Evocations     | 1 7 |  7.1
Fighting       | |  3.7
Axes           | |  3.5

Action                   |  1- 3 |  4- 6 |  7- 9 | 10-12 || total
-------------------------+-------+-------+-------+-------++-------
Melee: Hand axe          |    47 |       |       |       ||    47
       Punch             |     1 |       |       |     2 ||     3
       Whip              |     1 |     9 |    57 |       ||    67
       Staff             |       |       |     9 |    49 ||    58
 Cast: Scorch            |    22 |    21 |    99 |    17 ||   159
       Stone Arrow       |       |       |    18 |   106 ||   124
       Animate Armour    |       |       |       |     6 ||     6
Invok: Fiery Armour      |       |     1 |     2 |     1 ||     4
       Foxfire Swarm     |       |     1 |       |     2 ||     3
 Abil: Dig               |       |       |     2 |     3 ||     5
Evoke: Wand              |       |       |     1 |       ||     1
Armor: Ring mail         |    22 |     6 |    57 |    32 ||   117
Dodge: Dodged            |    26 |     5 |    78 |    47 ||   156
